cohdb
Replays
Latest Replays
All Replays
Popular Replays
Top Player Replays
Match Explorer
How It Works
Community
CoH3 Stats
Reddit
Sign in to upload your games and track your stats! →
Sign in with Steam
Match 44824142
Unlisted
Match 44824142
Overview
Messages
Build Orders
End
Selects Airborne Battlegroup
Selects Heavy Machine Gun Paradrop
Heavy Machine Gun Paradrop
Construct Barracks
Riflemen Squad
Riflemen Squad
Grenade Package
Infantry Support Center
Selects Paratrooper Squad Paradrop
Paratrooper Squad Paradrop
Paratrooper Squad Paradrop
Advanced Logistics
Construct Medical Station
NanoLoki
HackerBlack_Sunday
J
Gwangju's Hero Chun Doo-gwang
Goliath
huaichen
0
0
Comments
sign in to comment!
No comments posted yet!